 Dungeon Crawl Stone Soup version 0.25-a0-1036-g6f112fb28d (webtiles) character file.

Game seed: 15858034720509584973, levelgen mode: deterministic

2249 DerDa the Frost Mage (level 9, -2/57 HPs)
             Began as a Merfolk Ice Elementalist on May 13, 2020.
             Was a Believer of Kikubaaqudgha.
             Slain by an acid dragon (13 damage)
             ... on level 7 of the Dungeon.
             The game lasted 00:26:38 (9320 turns).

DerDa the Frost Mage (Merfolk Ice Elementalist)     Turns: 9320, Time: 00:26:38

Health: -2/57      AC:  2    Str: 11    XL:     9   Next: 37%
Magic:  15/20      EV: 14    Int: 17    God:    Kikubaaqudgha [**....]
Gold:   390        SH:  0    Dex: 15    Spells: 3/22 levels left

rFire    . . .     SeeInvis .   v - +0 short sword (venom)
rCold    + . .     Gourm    .   (no shield)
rNeg     + . .     Faith    .   a - +0 robe
rPois    .         Spirit   .   (no helmet)
rElec    .         Reflect  .   (no cloak)
rCorr    .         Harm     .   (no gloves)
MR       .....                  (no boots)
Stlth    +++.......             (no amulet)
HPRegen  0.19/turn              f - ring of stealth
MPRegen  0.17/turn              h - ring "Konilesk" {rC+ rN+ Str+3}

@: lightly drained
A: change form in water, swift swim, stealthy swim
a: Receive Corpses, Renounce Religion


You were on level 7 of the Dungeon.
You worshipped Kikubaaqudgha.
Kikubaaqudgha was pleased with you.
You were not hungry.

You visited 2 branches of the dungeon, and saw 9 of its levels.

You collected 390 gold pieces.

Inventory:

Hand Weapons
 o - a +0 hunting sling
 q - a +0 long sword
 r - a +0 hand crossbow
 v - a +0 short sword of venom (weapon)
 w - a +2 flail of protection
Missiles
 n - 227 stones
 s - 30 poisoned darts
 u - 6 atropa-tipped darts (quivered)
 y - 62 bolts
Armour
 a - a +0 robe (worn)
 g - a +0 kite shield
 m - a +0 buckler
Jewellery
 f - a ring of stealth (left hand)
 h - the ring "Konilesk" (right hand) {rC+ rN+ Str+3}
   (You acquired it on level 7 of the Dungeon)

   [ring of protection from cold]

   It affects your strength (+3).
   It protects you from cold.
   It protects you from negative energy.
Scrolls
 i - 2 scrolls of fear
 k - 3 scrolls of teleportation
 l - 2 scrolls of amnesia
 t - a scroll of enchant weapon
 x - 5 scrolls of remove curse
 B - 2 scrolls of magic mapping
 E - a scroll of vulnerability {unknown}
 F - a scroll of summoning {unknown}
Potions
 b - 5 potions of curing
 d - 2 potions of might {unknown}
 e - 5 potions of mutation
 j - 3 potions of flight {unknown}
 p - a potion of berserk rage {unknown}
 z - 2 potions of lignification {unknown}
 A - a potion of stabbing {unknown}
 C - 2 potions of heal wounds {unknown}
Comestibles
 c - 16 rations
 D - 2 chunks of flesh


   Skills:
 + Level 4.7(4.5) Dodging
 - Level 2.1(2.0) Stealth
 * Level 3.9(3.7) Shields
 * Level 7.4(7.2) Spellcasting
 * Level 9.6(9.4) Ice Magic


You had 3 spell levels left.
You knew the following spells:

 Your Spells              Type           Power        Failure   Level  Hunger
a - Freeze                Ice            ####         1%          1    None
b - Frozen Ramparts       Ice            #####.       1%          3    ##.....
c - Ozocubu's Armour      Chrm/Ice       ###.....     4%          3    ##.....
d - Hailstorm             Conj/Ice       ###.....     16%         4    ####...
e - Summon Ice Beast      Ice/Summ       ###.....     16%         4    ####...
f - Sublimation of Blood  Necr           #.........   17%         2    None
g - Ensorcelled Hibernat  Hex/Ice        ###...       2%          2    None

Your spell library contained the following spells:

 Spells                   Type           Power        Failure   Level  Hunger
 Corona                   Hex            #......      12%         1    None
 Pain                     Necr           #...         12%         1    None
 Corpse Rot               Necr/Air       N/A          17%         2    None
 Confusing Touch          Hex            #.......     34%         3    ##.....
 Dazzling Flash           Conj/Hex       #.....       34%         3    ##.....
 Tukima's Dance           Hex            #.......     34%         3    ##.....
 Vampiric Draining        Necr           #.........   34%         3    ##.....


Dungeon Overview and Level Annotations

Branches:
Dungeon (8/15)             Temple (1/1) D:4
   Lair: D:8-11

Altars:
Ashenzari
Dithmenos
Elyvilon
Kikubaaqudgha
Makhleb
Nemelex Xobeh
Okawaru
Qazlal
Ru
Trog
Uskayaw
Vehumet
Wu Jian
Xom
Yredelemnul
Zin
The Shining One


Message History

Confirm with . or Enter, or press ? or * to list all spells.
You don't know that spell.
Casting: Freeze (safe; 1% risk of failure)
Confirm with . or Enter, or press ? or * to list all spells.
Aiming: Ensorcelled Hibernation (safe; 2% risk of failure)
Press: ? - help, Shift-Dir - straight line, f/p - acid dragon
Aim: an acid dragon (moderately wounded, chance to defeat MR: 51%)
The acid dragon looks drowsy...
Your +2 flail of protection goes still.
Your +0 short sword of venom begins to drip with poison!
v - a +0 short sword of venom (weapon)
The acid dragon barely misses you. The acid dragon misses you.
Casting: Ensorcelled Hibernation (safe; 2% risk of failure)
Confirm with . or Enter, or press ? or * to list all spells.
Aiming: Ensorcelled Hibernation (safe; 2% risk of failure)
Press: ? - help, Shift-Dir - straight line, f/p - acid dragon
Aim: an acid dragon (moderately wounded, not susceptible)
The acid dragon is unaffected.
The acid dragon bites you!
You die...
Kikubaaqudgha rasps: "You have failed me!
Welcome... death!"

##### ########## #...#
#.....[..# ##...####......#.#
#############........#####.#.#
................@D.....(.#.#.#
#....########........###.#.#.#
#....# #........# #.#.#.#
#....# #........# #.#.#.#
#....# ########## #.....#
#....# ###.### #....########
#.# ####........### #.#
####.....##...# #.#


You could see an acid dragon.

Vanquished Creatures
  A sky beast (D:5)
  A black bear (D:6)
  2 orc warriors
  An ice beast (D:6)
  3 ogres
  A phantom (D:6)
  3 centaurs (D:6)
  3 bullfrogs
  3 scorpions
  A wight (D:7)
  A jelly (D:5)
  4 howler monkeys
  A crimson imp (D:7)
  A hound (D:6)
  3 orc priests
  3 orc wizards
  An iguana (D:3)
  4 worker ants
  4 gnolls (D:3)
  2 worker ant zombies
  9 adders
  A shadow imp (D:7)
  3 oozes
  An adder skeleton (D:6)
  2 worms
  2 dart slugs
  7 leopard geckos
  23 orcs
  5 giant cockroaches
  8 goblins
  12 hobgoblins
  10 jackals
  3 quokkas
  11 bats
  3 frilled lizards
  6 kobolds
  A leopard gecko zombie (D:8)
  A quokka skeleton (D:5)
  8 rats
159 creatures vanquished.

Vanquished Creatures (others)
  4 toadstools (D:1)
4 creatures vanquished.

Grand Total: 163 creatures vanquished

Notes
Turn   | Place    | Note
-------+----------+-------------------------------------------
     0 | D:1      | DerDa the Merfolk Ice Elementalist began the quest for the
                  | Orb.
     0 | D:1      | Reached XP level 1. HP: 13/13 MP: 3/3
   175 | D:1      | Reached XP level 2. HP: 18/19 MP: 0/5
  1147 | D:2      | Reached XP level 3. HP: 15/24 MP: 2/7
  1239 | D:2      | Reached skill level 5 in Ice Magic
  1443 | D:2      | Learned a level 3 spell: Frozen Ramparts
  1477 | D:2      | Found an iron altar of Okawaru.
  1482 | D:2      | Learned a level 3 spell: Ozocubu's Armour
  1631 | D:2      | Reached XP level 4. HP: 30/30 MP: 4/8
  2441 | D:3      | You fall into a shaft and drop 3 floors!
  2519 | D:5      | Entered Level 5 of the Dungeon
  2782 | D:5      | Reached XP level 5. HP: 34/35 MP: 6/10
  2880 | D:5      | Noticed an orc warrior
  2903 | D:5      | Reached skill level 6 in Ice Magic
  3098 | D:5      | Killed an orc warrior
  3098 | D:5      | Reached XP level 6. HP: 23/41 MP: 6/12
  3570 | D:4      | Found a staircase to the Ecumenical Temple.
  3582 | Temple   | Entered the Ecumenical Temple
  3648 | Temple   | Became a worshipper of Kikubaaqudgha
  3863 | D:3      | Reached skill level 7 in Ice Magic
  3865 | D:3      | Reached XP level 7. HP: 18/46 MP: 10/14
  4356 | D:3      | Reached skill level 5 in Spellcasting
  4614 | D:3      | Reached * piety under Kikubaaqudgha
  4614 | D:3      | Identified Kikubaaqudgha's Volume of Sinister Magic
                  | (Kikubaaqudgha gifted it to you on level 3 of the Dungeon)
  4614 | D:3      | Received a gift from Kikubaaqudgha
  5005 | D:4      | Found a shattered altar of Ashenzari.
  6224 | D:6      | Reached skill level 8 in Ice Magic
  6486 | D:6      | Reached XP level 8. HP: 52/52 MP: 14/17
  6766 | D:6      | Learned a level 4 spell: Hailstorm
  6771 | D:6      | Learned a level 4 spell: Summon Ice Beast
  6774 | D:6      | Learned a level 2 spell: Sublimation of Blood
  7167 | D:6      | Reached skill level 1 in Shields
  7959 | D:6      | Reached skill level 9 in Ice Magic
  8279 | D:6      | Learned a level 2 spell: Ensorcelled Hibernation
  8411 | D:7      | Reached XP level 9. HP: 51/57 MP: 12/19
  8491 | D:7      | Found a glowing golden altar of the Shining One.
  8553 | D:7      | Reached ** piety under Kikubaaqudgha
  9024 | D:7      | Found a glowing silver altar of Zin.
  9177 | D:7      | Identified a scroll of acquirement
  9178 | D:7      | Identified the ring "Konilesk" {rC+ rN+ Str+3} (You
                  | acquired it on level 7 of the Dungeon)
  9320 | D:7      | Slain by an acid dragon

Illustrated notes

Levels and vault maps discovered:
D:1:      ldierk_water_garden, layout_basic
D:2:      minmay_diamond_boxcup, layout_rooms, okawaru_trees_1
D:3:      kb_forest_paths, layout_rooms, first_ration,
          minmay_fractal_squares_diagonal_5
D:4:      layout_loops_ring, ashenzari_altar_1, minmay_temple_entry_ruins,
          kennysheep_generic_room_11
D:5:      layout_loops_corners, guppyfry_early_orc_mine
D:6:      layout_layer_cave
D:7:      layout_basic, zin_academy, tso_metal_star
D:8:      layout_cave_pools, minitemple, serial_undead, serial_undead_c,
          serial_undead_b, serial_undead_e, serial_undead_d, serial_undead_d,
          grunt_livestock, grunt_ministairs_15, uniq_maggie, uniq_grum
Temple:   cyrus_circular_temple

Skill      XL: |  1  2  3  4  5  6  7  8  9 |
---------------+----------------------------+-----
Ice Magic      | 5 6 7 8 9 |  9.6
Spellcasting   | 3 4 6 7 |  7.4
Dodging        | 4 |  4.7
Shields        | 2 3 |  3.9
Stealth        | |  2.1

Action                   |  1- 3 |  4- 6 |  7- 9 || total
-------------------------+-------+-------+-------++-------
Melee: Unarmed           |     4 |       |       ||     4
       Club              |     5 |       |       ||     5
       Dagger            |     3 |    20 |       ||    23
       Hand axe          |       |    23 |     9 ||    32
       Short sword       |       |       |    58 ||    58
       Tailslap          |       |       |     1 ||     1
       Flail             |       |       |    55 ||    55
Throw: Throwing net      |     1 |       |       ||     1
       Stone             |       |     1 |       ||     1
       Dart              |       |       |    43 ||    43
 Cast: Freeze            |    43 |    40 |    70 ||   153
       Frozen Ramparts   |       |    17 |    17 ||    34
       Ozocubu's Armour  |       |       |     6 ||     6
       Summon Ice Beast  |       |       |     1 ||     1
       Ensorcelled Hiber |       |       |     2 ||     2
       Hailstorm         |       |       |     1 ||     1
  Use: Scroll            |       |       |    12 ||    12
       Potion            |       |       |     1 ||     1
 Stab: Sleeping          |     1 |     3 |    10 ||    14
  Eat: Chunk             |     2 |     9 |    18 ||    29
Armor: Robe              |     6 |     7 |    39 ||    52
Dodge: Dodged            |    32 |    46 |   137 ||   215

Table legend:
 A = Non-vault XP
 B = Vault XP
 C = Vault XP percentage of total XP
 D = Non-vault monster count
 E = Vault monster count
 F = Vault count percentage of total count
                 A         B        C        D         E       F
            +---------+---------+-------+---------+---------+-------
      Total |    2820 |     394 |  12.3 |     134 |      25 |  15.7
            +---------+---------+-------+---------+---------+-------
        D:1 |      33 |       0 |   0.0 |      16 |       0 |   0.0
        D:2 |      76 |      33 |  30.3 |      20 |       8 |  28.6
        D:3 |     192 |      15 |   7.2 |      33 |       8 |  19.5
        D:4 |       6 |     122 |  95.3 |       2 |       1 |  33.3
        D:5 |     313 |     223 |  41.6 |      15 |       7 |  31.8
        D:6 |    1121 |       0 |   0.0 |      21 |       0 |   0.0
        D:7 |     963 |       0 |   0.0 |      26 |       0 |   0.0
        D:8 |     116 |       1 |   0.9 |       1 |       1 |  50.0
            +---------+---------+-------+---------+---------+-------
